 Dungeon Crawl Stone Soup version 0.20.1-1-g8b1a95d (webtiles) character file.

1985 kaze the Cleaver (level 9, -3/78 HPs)
             Began as a Minotaur Fighter on Nov 25, 2017.
             Slain by an orc warrior
             ... wielding a +0 hand axe
              (16 damage)
             ... on level 7 of the Dungeon.
             The game lasted 00:07:48 (5291 turns).

kaze the Cleaver (Minotaur Fighter)                 Turns: 5291, Time: 00:07:48

Health: -3/78      AC: 13    Str: 24    XL:     9   Next: 1%
Magic:  8/8        EV:  6    Int:  5    God:
Gold:   306        SH: 12    Dex: 10    Spells: 8/8 levels left

rFire    . . .     SeeInvis +   a - +1 war axe
rCold    . . .     Gourm    .   c - +1 shield
rNeg     . . .     Faith    .   u - +0 plate armour
rPois    .         Spirit   .   (helmet restricted)
rElec    .         Reflect  .   (no cloak)
rCorr    .         Harm     .   (no gloves)
MR       .....                  (no boots)
Stlth    ..........             (no amulet)
Regen    0.3/turn               (no ring)
MPRegen  0.2/turn               (no ring)

@: no status effects
A: retaliatory headbutt, horns 2, see invisible, screaming 1
a: no special abilities


You were on level 7 of the Dungeon.
You were hungry.

You visited 1 branch of the dungeon, and saw 7 of its levels.

You collected 306 gold pieces.

Inventory:

Hand Weapons
 a - a +1 war axe (weapon)
Armour
 c - a +1 shield (worn)
 u - a +0 plate armour (worn)
Jewellery
 k - an uncursed amulet of faith
Scrolls
 b - a scroll of fear {unknown}
 d - 5 scrolls of teleportation
 e - a scroll of identify
 h - 7 scrolls of remove curse
 j - 3 scrolls of recharging
 s - a scroll of magic mapping
Potions
 i - 2 potions of curing
 m - a potion of might
 n - a potion of brilliance {unknown}
 p - 2 potions of ambrosia
Comestibles
 f - a fruit
 g - 3 meat rations
 o - 3 royal jellies
 r - 2 bread rations


   Skills:
 + Level 6.7 Fighting
 + Level 9.6 Axes
 + Level 6.6 Armour
 + Level 2.5 Dodging
 + Level 0.6 Stealth
 + Level 6.9 Shields


You had 8 spell levels left.
You didn't know any spells.

Dungeon Overview and Level Annotations

Branches:
Dungeon (7/15)             Temple (0/1) D:5

Altars:
Cheibriados
Dithmenos
Fedhas
Makhleb
Okawaru
Ru

Shops:
D:4 }   D:6 :


Innate Abilities, Weirdness & Mutations

You reflexively headbutt those who attack you in melee.
You have a pair of horns on your head.
You have supernaturally acute eyesight. (SInv)
You occasionally shout uncontrollably at your foes.


Message History

You are too confused!
You are too confused!
You slash the orc wizard!
You kill the orc wizard!
You miss the orc warrior.
The orc priest begins to cast a cantrip, but forgets the words!
The orc warrior hits you with a hand axe!
You bump into the rock wall.
The orc priest looks encouraged for a moment.
The orc priest calls down the wrath of Beogh upon you.
Beogh smites you!
* * * LOW HITPOINT WARNING * * *
The orc warrior hits you with a hand axe.
* * * LOW HITPOINT WARNING * * *
There is a stone staircase leading up, spattered with blood here.
You hit the orc warrior.
The orc warrior is severely wounded.
You feel less confused.
The orc warrior hits you with a hand axe!
You die...

##. # ##
... .# .
... .
#.#.#.#
#..##.#$#.#
#.....))..#
#o# #o# #@#
#.# ...
.....
#....##
#...##
##.## #.


You could see an orc warrior and an orc priest.

Vanquished Creatures
  The ghost of kaze the Chopper, an amateur MiFi (D:4)
  Grinder (D:3)
  Edmund (D:6)
  An orc warrior (D:6)
  2 ogres (D:5)
  A centaur (D:5)
  Blork the orc (D:5)
  A bullfrog (D:6)
  3 scorpions
  2 howler monkeys
  3 crimson imps (D:5)
  A hound (D:4)
  3 orc priests
  A gnoll shaman (D:6)
  A jelly (D:6)
  5 orc wizards
  4 worker ants
  A worker ant zombie (D:6)
  Robin (D:3)
  4 gnolls (D:6)
  5 adders
  2 shadow imps
  An adder zombie (D:5)
  2 worms (D:2)
  2 dart slugs
  A leopard gecko (D:3)
  21 orcs
  A ball python (D:1)
  8 giant cockroaches
  16 goblins
  9 hobgoblins
  3 jackals
  5 kobolds
  2 quokkas
  5 bats
  6 frilled lizards
  A leopard gecko zombie (D:6)
  15 rats
143 creatures vanquished.

Vanquished Creatures (others)
  A leopard gecko skeleton (D:5)
1 creature vanquished.

Grand Total: 144 creatures vanquished

Notes
Turn   | Place    | Note
-------+----------+-------------------------------------------
     0 | D:1      | kaze the Minotaur Fighter began the quest for the Orb.
     0 | D:1      | Reached XP level 1. HP: 19/19 MP: 0/0
   267 | D:1      | Reached XP level 2. HP: 27/27 MP: 1/1
   832 | D:2      | Reached skill level 3 in Axes
   832 | D:2      | Reached XP level 3. HP: 30/33 MP: 2/2
  1112 | D:2      | Found an iron altar of Okawaru.
  1665 | D:3      | Reached XP level 4. HP: 40/40 MP: 3/3
  1701 | D:3      | Noticed Grinder
  1714 | D:3      | Killed Grinder
  1714 | D:3      | Reached skill level 5 in Axes
  1714 | D:3      | Reached skill level 1 in Dodging
  1714 | D:3      | Reached XP level 5. HP: 16/47 MP: 4/4
  1961 | D:3      | Found a snail-covered altar of Cheibriados.
  1971 | D:3      | Reached XP level 6. HP: 39/53 MP: 5/5
  1975 | D:3      | Reached skill level 5 in Armour
  2377 | D:3      | Found a sacrificial altar of Ru.
  2517 | D:3      | Noticed Robin
  2522 | D:3      | Killed Robin
  2545 | D:3      | Found a blossoming altar of Fedhas.
  2699 | D:4      | Gained mutation: You occasionally shout uncontrollably at your foes. [potion of mutation]
  2699 | D:4      | Gained mutation: You have supernaturally acute eyesight. (SInv) [potion of mutation]
  2715 | D:4      | Noticed kaze's ghost (amateur MiFi)
  2717 | D:4      | Found a shadowy altar of Dithmenos.
  2731 | D:4      | Killed kaze's ghost
  2731 | D:4      | Reached skill level 6 in Axes
  2731 | D:4      | Reached skill level 5 in Shields
  2731 | D:4      | Reached XP level 7. HP: 23/60 MP: 6/6
  3166 | D:4      | Found Beeffis's Gadget Shoppe.
  3455 | D:4      | Found a burning altar of Makhleb.
  3461 | D:4      | Reached skill level 5 in Fighting
  3684 | D:5      | Entered Level 5 of the Dungeon
  3695 | D:5      | Reached skill level 7 in Axes
  3970 | D:5      | Reached XP level 8. HP: 41/70 MP: 7/7
  4105 | D:5      | Found a staircase to the Ecumenical Temple.
  4256 | D:5      | Reached skill level 8 in Axes
  4480 | D:5      | Noticed Blork the orc
  4487 | D:5      | Killed Blork the orc
  4539 | D:6      | Found Uwinagul's Book Shop.
  4693 | D:6      | Reached skill level 9 in Axes
  4755 | D:6      | Noticed Edmund
  4769 | D:6      | Killed Edmund
  5282 | D:7      | Reached XP level 9. HP: 57/78 MP: 8/8
  5291 | D:7      | Slain by an orc warrior

Skill      XL: |  1  2  3  4  5  6  7  8 |
---------------+-------------------------+-----
Fighting       | 4 5 6 |  6.7
Shields        | 4 5 6 |  6.9
Axes           | 3 5 6 7 9 |  9.6
Armour         | 4 5 6 |  6.6
Dodging        | 1 2 |  2.5
Stealth        | |  0.6

Action                   |  1- 3 |  4- 6 |  7- 9 || total
-------------------------+-------+-------+-------++-------
Melee: War axe           |    96 |    77 |   186 ||   359
       Headbutt          |    18 |    19 |    42 ||    79
  Use: Scroll            |     5 |     2 |     5 ||    12
       Potion            |       |     7 |       ||     7
  Eat: Chunk             |     2 |       |     3 ||     5
       Bread ration      |       |     1 |     1 ||     2
Armor: Scale mail        |    37 |    20 |    32 ||    89
       Plate armour      |       |       |    17 ||    17
Dodge: Dodged            |    27 |    15 |    53 ||    95
Block: Shield            |    43 |    26 |   120 ||   189
